 Dungeon Sprint DCSS version 0.28-a0-1510-gd0f6b136d3 (webtiles) character file.

Game seed: 14969691429422285174

13851 mhtbhm the Cutthroat (level 12, -6/96 HPs)
             Began as a Kobold Berserker on Jan 15, 2022.
             Was the Champion of Trog.
             Mangled by an orc warrior (7 damage)
             ... in the Dungeon (Sprint IX: "|||||||||||||||||||||||||||||").
             The game lasted 00:03:59 (2836 turns).

mhtbhm the Cutthroat (Kobold Berserker)             Turns: 2836, Time: 00:03:59

Health: -6/96      AC: 20    Str: 18    XL:     12   Next: 37%
Magic:  12/12      EV: 18    Int:  8    God:    Trog [******]
Gold:   671        SH:  0    Dex: 16    Spells: 11/11 levels left

rFire   . . .      SeeInvis .   a - +6 quick blade (vorpal)
rCold   . . .      Faith    .   (no shield)
rNeg    . . .      Spirit   .   b - +1 chain mail
rPois   .          Reflect  .   k - +0 helmet
rElec   .          Harm     .   c - +2 cloak
rCorr   .          Rampage  .   l - +0 pair of gloves
Will    .....      NoTele   +   (no boots)
Stlth   ..........              (no amulet)
HPRegen 0.26/turn               n - +2 ring of evasion
MPRegen 0.13/turn               m - +2 ring of evasion

@: on berserk cooldown, slowed, very slow
A: small, no large weapons, nightstalker 3
a: Renounce Religion, Berserk, Trog's Hand, Brothers in Arms


You were in the Dungeon.
You worshipped Trog.
Trog was exalted by your worship.
You visited 1 branch You collected 671 gold pieces.

Inventory:

Hand Weapons
 a - a +6 vorpal quick blade (weapon)
 z - the +6 rapier of Ickuer {flame, Str+7 Dex+3}
   (Trog gifted it to you in the Dungeon)

   It burns those it strikes, dealing additional fire damage.
   Str:       It affects your strength (+7).
   Dex:       It affects your dexterity (+3).
Missiles
 y - 2 throwing nets (quivered)
Armour
 b - a +1 chain mail (worn)
 c - a +2 cloak (worn)
 k - a +0 helmet (worn)
 l - a +0 pair of gloves (worn)
 v - a +0 cloak
Jewellery
 m - a +2 ring of evasion (right hand)
 n - a +2 ring of evasion (left hand)
Wands
 j - a wand of iceblast (10)
 w - a wand of flame (4)
Scrolls
 h - 4 scrolls of blinking
 q - a scroll of immolation
 s - a scroll of fear
 t - a scroll of fog
 u - a scroll of identify
Potions
 d - 3 potions of heal wounds
 e - 2 potions of haste
 f - 4 potions of magic
 g - 2 potions of berserk rage
 i - a potion of invisibility
 o - a potion of might
 p - a potion of mutation
 r - a potion of attraction
 x - 6 potions of curing


   Skills:
 + Level 19.7 Fighting
 + Level 22.7 Short Blades
 + Level 12.2 Armour
 + Level 9.8 Dodging
 + Level 1.2 Stealth


You had 11 spell levels left.
You didn't know any spells.
Your spell library was empty.

Dungeon Overview and Level Annotations

Branches:
Dungeon (1/1)

Altars:
Cheibriados
Dithmenos
Elyvilon
Fedhas
Gozag
Hepliaklqana
Kikubaaqudgha
Makhleb
Nemelex Xobeh
Okawaru
Qazlal
Ru
Sif Muna
Trog
Uskayaw
Vehumet
Wu Jian
Xom
Yredelemnul
Zin
The Shining One
Beogh
Jiyva
Lugonu


Innate Abilities, Weirdness & Mutations

You are small and have problems with some larger weapons.
You are completely attuned to the shadows.


Message History

You barely miss the orc warrior.
The orc warrior is almost dead.
You closely miss the orc warrior.
The orc warrior is almost dead.
The orc warrior misses you.
You closely miss the orc warrior.
The orc warrior is almost dead.
You hit the orc warrior.
The orc warrior is almost dead.
The orc warrior closely misses you.
You hit the orc warrior.
You kill the orc warrior!
Trog accepts your kill.
An orc comes into view. It is wielding a +0 club.
The orc shouts!
The orc warrior hits you with a +0 scimitar.
The orc warrior closely misses you.
The orc moves out of view.
An orc warrior comes into view. It is wielding a +5 hand axe.
Things that are here:
a +0 trident; a +0 chain mail; 100 gold pieces You hit the orc warrior but do no damage.
You barely miss the orc warrior.
The orc warrior hits you with a +0 scimitar!
You hit the orc warrior.
The orc warrior is lightly wounded.
The orc knight hits you from afar with a +0 bardiche!
You barely miss the orc warrior.
The orc warrior is lightly wounded.
You barely miss the orc warrior.
The orc warrior is lightly wounded.
The orc warrior hits you with a +0 scimitar!
* * * LOW HITPOINT WARNING * * *
The orc knight hits you from afar with a +0 bardiche!!
* * * LOW HITPOINT WARNING * * *
You hit the orc warrior.
The orc warrior is heavily wounded.
You hit the orc warrior but do no damage.
The orc warrior is heavily wounded.
The orc warrior hits you with a +0 scimitar!
You die...

▓'▓.▓÷▓.▓,*,*,*,*,*,*,*,*,
▓_▓.▓.▓.▓+*,*,*,*,*,*,*,*,
▓_▓.▓.▓.▓,*,*,*,*,*,*,*,*,
▓_▓.▓.▓.▓o*,*,*,*,*,*,*,*,
▓_▓.▓.▓.▓o▓,*,*,*,*,*,*,*,
▓_▓.▓.▓)▓o▓,*,*,*,*,*+*,*,
▓_▓.▓.▓.▓o▓,*,*,*+*,*,*,*,
▓_▓.▓.▓.▓o▓,*,*,*,*,*,*,*,
▓_▓.▓.▓.▓@▓,*,*,*,*,*,*,*,
▓_▓.▓)▓.▓)▓,*,*,*,*,*,*,*,
▓_▓.▓†▓.▓)▓,*,*,*,*,*,*,*,
▓_▓.▓.▓.▓)▓,*,*,*,*,*,*,*,
▓_▓.▓.▓.▓)▓,*,*,*,*,*,*,*,
▓_▓.▓.▓.▓)▓,*,*,*,*,*,*,*,
▓_▓.▓.▓.▓'▓,*,*,*,*,*,*,*,
▓_▓.▓.▓.▓.▓,*,*,*,*,*,*,*,
▓_▓.▓.▓.▓.▓,*,*,*+*,*,*,*,


You could see an orc knight, 2 orc warriors and an orc (strong).

Vanquished Creatures
  A dire elephant (D)
  Harold (D)
  Erolcha (D)
  3 hydras (D)
  A boulder beetle (D)
  A two-headed ogre (D)
  An orc knight (D)
  An ugly thing (D)
  Maurice (D)
  7 elephants (D)
  A black mamba (D)
  3 cane toads (D)
  An efreet (D)
  A tengu conjurer (D)
  A polar bear (D)
  A troll (D)
  3 yaks (D)
  3 basilisks (D)
  3 wyverns (D)
  Grum (D)
  2 water moccasins (D)
  10 orc warriors (D)
  2 centaurs (D)
  4 wolves (D)
  2 bullfrogs (D)
  An orc priest (D)
  2 orc wizards (D)
  A gnoll (D)
  An adder (D)
  An endoplasm (D)
  2 hobgoblins (D)
  A jackal (D)
  2 ball python zombies (D)
  A bat (D)
68 creatures vanquished.

Vanquished Creatures (collateral kills)
  2 orc priests (D)
  3 orc wizards (D)
  3 orcs (D)
8 creatures vanquished.

Grand Total: 76 creatures vanquished

Notes
Turn   | Place    | Note
-------+----------+-------------------------------------------
     0 | D        | mhtbhm the Kobold Berserker began the quest for the Orb.
     0 | D        | Reached XP level 1. HP: 14/14 MP: 1/1
    20 | D        | Reached ** piety under Trog
    27 | D        | Reached skill level 5 in Short Blades
    27 | D        | Reached XP level 2. HP: 7/20 MP: 2/2
   268 | D        | Reached *** piety under Trog
   269 | D        | Reached skill level 5 in Fighting
   269 | D        | Reached skill level 6 in Short Blades
   269 | D        | Reached XP level 3. HP: 26/26 MP: 3/3
   272 | D        | Reached skill level 7 in Short Blades
   274 | D        | Reached XP level 4. HP: 32/32 MP: 4/4
   284 | D        | Found a snail-covered altar of Cheibriados.
   284 | D        | Found a shadowy altar of Dithmenos.
   285 | D        | Found a white marble altar of Elyvilon.
   286 | D        | Found a blossoming altar of Fedhas.
   287 | D        | Found an opulent altar of Gozag.
   288 | D        | Found a hazy altar of Hepliaklqana.
   289 | D        | Found a viscous altar of Jiyva.
   290 | D        | Found an ancient bone altar of Kikubaaqudgha.
   291 | D        | Found a corrupted altar of Lugonu.
   292 | D        | Found a burning altar of Makhleb.
   293 | D        | Found a sparkling altar of Nemelex Xobeh.
   294 | D        | Found an iron altar of Okawaru.
   320 | D        | Found a stormy altar of Qazlal.
   321 | D        | Found a sacrificial altar of Ru.
   322 | D        | Found a shimmering blue altar of Sif Muna.
   323 | D        | Found a bloodstained altar of Trog.
   324 | D        | Found a hide-covered altar of Uskayaw.
   325 | D        | Found a radiant altar of Vehumet.
   326 | D        | Found an ornate altar of the Wu Jian Council.
   327 | D        | Found a shimmering altar of Xom.
   328 | D        | Found a basalt altar of Yredelemnul.
   329 | D        | Found a glowing silver altar of Zin.
   330 | D        | Found a glowing golden altar of the Shining One.
   380 | D        | Noticed a yak
   380 | D        | Noticed a two-headed ogre
   380 | D        | Noticed a centaur
   381 | D        | Noticed an orc warrior
   384 | D        | Killed a centaur
   384 | D        | Reached **** piety under Trog
   385 | D        | Reached skill level 9 in Short Blades
   385 | D        | Reached XP level 5. HP: 38/38 MP: 5/5
   388 | D        | Killed a two-headed ogre
   389 | D        | Reached skill level 14 in Short Blades
   389 | D        | Reached XP level 6. HP: 27/49 MP: 6/6
   389 | D        | Reached XP level 7. HP: 29/54 MP: 7/7
   569 | D        | Noticed a wyvern
   573 | D        | Killed a yak
   574 | D        | Reached XP level 8. HP: 60/60 MP: 8/8
   580 | D        | Reached skill level 15 in Short Blades
   584 | D        | Reached skill level 5 in Armour
   587 | D        | Killed a wyvern
   587 | D        | Reached ***** piety under Trog
   623 | D        | Noticed a basilisk
   623 | D        | Noticed a boulder beetle
   623 | D        | Noticed a troll
   624 | D        | Noticed a green ugly thing
   627 | D        | Killed a troll
   628 | D        | Reached skill level 16 in Short Blades
   631 | D        | Noticed a tengu conjurer
   637 | D        | Killed a boulder beetle
   638 | D        | Reached skill level 17 in Short Blades
   638 | D        | Reached XP level 9. HP: 68/68 MP: 9/9
   638 | D        | Noticed an efreet
   650 | D        | Killed a green ugly thing
   651 | D        | Reached skill level 18 in Short Blades
   920 | D        | Killed an efreet
   920 | D        | Received a gift from Trog
   922 | D        | Killed a tengu conjurer
   923 | D        | Reached skill level 15 in Fighting
   923 | D        | Reached XP level 10. HP: 76/76 MP: 10/10
  1059 | D        | Noticed a cane toad
  1063 | D        | Noticed a seven-headed hydra
  1067 | D        | Killed a cane toad
  1068 | D        | Reached skill level 19 in Short Blades
  1078 | D        | Killed a seven-headed hydra
  1078 | D        | Received a gift from Trog
  1310 | D        | Noticed a cane toad
  1311 | D        | Noticed an eight-headed hydra
  1319 | D        | Killed an eight-headed hydra
  1320 | D        | Reached skill level 20 in Short Blades
  1323 | D        | Killed a cane toad
  1458 | D        | Noticed a four-headed hydra
  1461 | D        | Reached XP level 11. HP: 84/84 MP: 11/11
  1472 | D        | Killed a four-headed hydra
  1478 | D        | Reached ****** piety under Trog
  1479 | D        | Reached skill level 21 in Short Blades
  1486 | D        | Received a gift from Trog
  1836 | D        | Noticed an elephant
  1836 | D        | Noticed an elephant
  1836 | D        | Noticed an elephant
  1842 | D        | Noticed an elephant
  1845 | D        | Killed an elephant
  1851 | D        | Killed an elephant
  1852 | D        | Noticed a dire elephant
  1856 | D        | Noticed an elephant
  2058 | D        | Killed an elephant
  2070 | D        | Killed a dire elephant
  2071 | D        | Reached skill level 10 in Armour
  2134 | D        | Killed an elephant
  2145 | D        | Killed an elephant
  2163 | D        | Noticed an elephant
  2164 | D        | Noticed an elephant
  2172 | D        | Killed an elephant
  2172 | D        | Received a gift from Trog
  2185 | D        | Killed an elephant
  2307 | D        | Noticed Maurice
  2319 | D        | Noticed Erolcha
  2326 | D        | Killed Erolcha
  2327 | D        | Reached skill level 22 in Short Blades
  2327 | D        | Reached XP level 12. HP: 95/95 MP: 12/12
  2335 | D        | Killed Maurice
  2401 | D        | Noticed Harold
  2415 | D        | Killed Harold
  2444 | D        | Received a gift from Trog
  2445 | D        | Noticed Grum
  2451 | D        | Killed Grum
  2643 | D        | Received a gift from Trog
  2659 | D        | Identified the +6 rapier of Ickuer {flame, Str+7 Dex+3}
                  | (Trog gifted it to you in the Dungeon)
  2659 | D        | Received a gift from Trog
  2785 | D        | Received a gift from Trog
  2818 | D        | Reached skill level 1 in Stealth
  2834 | D        | HP: 1/96 [orc knight (23)]
  2836 | D        | Mangled by an orc warrior

Illustrated notes

Levels and vault maps discovered:
D:        linesprint [early_d, line_temple, items_1, d_10, items_2, lair_1,
          lair_end, items_3, orc_1, orc_end, items_4, d_15, swamp_1, shoals_1,
          snake_1, spider_1, d_20, vaults_1, items_5, swamp_end, shoals_end,
          snake_end, spider_end, vaults_end, d_27, items_6, zot_1, zot_end,
          crypt_end, forest_end, elf_end, slime_end, tomb_end, abyss_end,
          pan_hell_end]

Skill      XL: |  1  2  3  4  5  6  7  8  9 10 11 12 |
---------------+-------------------------------------+-----
Fighting       | 4 5 7 11 13 15 16 19 | 19.7
Short Blades   | 5 6 7 9 14 17 18 20 22 | 22.7
Armour         | 2 4 6 8 11 12 | 12.2
Dodging        | 3 4 6 7 8 9 |  9.8
Stealth        | 1 |  1.2

Action                   |  1- 3 |  4- 6 |  7- 9 | 10-12 || total
-------------------------+-------+-------+-------+-------++-------
Melee: Short sword       |    28 |     4 |       |       ||    32
       Rapier            |       |     6 |    51 |   264 ||   321
       Punch             |       |       |     2 |    10 ||    12
       Quick blade       |       |       |       |    69 ||    69
Invok: Berserk           |     2 |     1 |     3 |     7 ||    13
       Brothers in Arms  |       |       |       |     1 ||     1
  Use: Scroll            |       |       |       |     2 ||     2
Armor: Animal skin       |     3 |       |       |       ||     3
       Chain mail        |       |     1 |     5 |    55 ||    61
Dodge: Dodged            |    13 |    10 |    16 |   143 ||   182

Table legend: (Time is in decaauts)
 A = Elapsed time spent in this place.
 B = Non-inter-level travel time spent in this place.
 C = Inter-level travel time spent in this place.
 D = Time resting spent in this place.
 E = Time spent auto-exploring this place.
 F = Levels seen in this place.
 G = Mean time per level.
                   A        B        C        D        E       F      G
               +--------+--------+--------+--------+--------+-----+--------+
         Total |   2728 |   2728 |      0 |   1878 |    208 |   1 | 2728.0 |
       Dungeon |   2728 |   2728 |      0 |   1878 |    208 |   1 | 2728.0 |
               +--------+--------+--------+--------+--------+-----+--------+

Top non-repeatable levels by time:
       D: 2728 daAuts
